3AA
OTTAWA NATIONALS @ DURHAM RAPIERS
09/17/2038
 
TOP OF THE 1ST
Ottawa Nationals batting - Pitching for Durham Rapiers : RHP Antony Durney
Pitching: RHP Antony Durney
Batting: SHB Júlio Moreno 0-0: Swinging Strike
0-1: Ground out 1-3 (Groundball, 13S, EV 61.9 MPH)
Batting: RHB Sallvador Rebola 0-0: Ball
1-0: Called Strike
1-1: Ball
2-1: Ground out 4-3 (Groundball, 4, EV 90.6 MPH)
Batting: LHB Jason Powell 0-0: Called Strike
0-1: Ball
1-1: Ball
2-1: Swinging Strike
2-2: Foul Ball, location: 2F
2-2: Fly out, F8 (Flyball, 8LS, EV 76.9 MPH)
Top of the 1st over - 0 runs, 0 hits, 0 errors, 0 left on base; Ottawa 0 - Durham 0
BOTTOM OF THE 1ST
Durham Rapiers batting - Pitching for Ottawa Nationals : LHP Gerald Emerson
Pitching: LHP Gerald Emerson
Batting: RHB Scotty Glenn 0-0: Swinging Strike
0-1: Called Strike
0-2: Ball
1-2: Ground out 6-3 (Groundball, 6, EV 86.2 MPH)
Batting: RHB Kiyohira Kan 0-0: Called Strike
0-1: Ball
1-1: Foul Ball, location: 2F
1-2: Ball
2-2: Foul Ball, location: 2F
2-2: Ball
3-2: Strikes out swinging
Batting: RHB Bearooz Yacoobi 0-0: Fly out, F6 (Flyball, 6MD, EV 90.0 MPH)
Bottom of the 1st over - 0 runs, 0 hits, 0 errors, 0 left on base; Ottawa 0 - Durham 0
TOP OF THE 2ND
Ottawa Nationals batting - Pitching for Durham Rapiers : RHP Antony Durney
Batting: RHB Cary Collins 0-0: Ground out 1-3 (Groundball, P, EV 54.4 MPH)
Batting: RHB Rey McSriff 0-0: Ball
1-0: SINGLE (Line Drive, 78S, EV 107.5 MPH)
Batting: RHB Gary Goodwin 0-0: Called Strike
0-1: Foul Ball, location: 2F
0-2: Strikes out swinging
Batting: LHB Juan Rodríguez 0-0: Fielders Choice at 2nd, 5-4 (Groundball, 5, EV 81.9 MPH)
Top of the 2nd over - 0 runs, 1 hit, 0 errors, 1 left on base; Ottawa 0 - Durham 0
BOTTOM OF THE 2ND
Durham Rapiers batting - Pitching for Ottawa Nationals : LHP Gerald Emerson
Batting: RHB Marvin Strickland 0-0: Ball
1-0: SINGLE (Line Drive, 78S, EV 101.2 MPH)
Batting: SHB Takechi Yamashita 0-0: Called Strike
0-1: Called Strike
0-2: Ball
1-2: Foul Ball, location: 2F
1-2: Hit by Pitch
Marvin Strickland to second
Batting: RHB Juan Guzmán 0-0: Called Strike
0-1: Ball
1-1: Called Strike
1-2: DOUBLE (Groundball, 5L, EV 110.0 MPH)
Marvin Strickland scores
Takechi Yamashita to third
Batting: RHB Nelson Ross 0-0: Called Strike
0-1: Ball
1-1: Ground out 6-3 (Groundball, 6, EV 109.4 MPH)
Takechi Yamashita scores
Batting: RHB Jaxton Goleta 0-0: Ball
1-0: DOUBLE (Line Drive, 3D, EV 103.1 MPH)
Juan Guzmán scores
Batting: SHB Tekkan Hayagawa 0-0: Ball
1-0: Hit by Pitch
Batting: RHB Scotty Glenn 0-0: Ball
1-0: Ball
2-0: Ball
3-0: Called Strike
3-1: Fly out, F1 (Line Drive, P, EV 61.2 MPH)
Batting: RHB Kiyohira Kan 0-0: Ball
1-0: Fly out, F4 (Popup, 4S, EV 74.4 MPH)
Bottom of the 2nd over - 3 runs, 3 hits, 0 errors, 2 left on base; Ottawa 0 - Durham 3
TOP OF THE 3RD
Ottawa Nationals batting - Pitching for Durham Rapiers : RHP Antony Durney
Batting: RHB Manuel Vroonland 0-0: Ball
1-0: Swinging Strike
1-1: Fly out, F8 (Line Drive, 8LD, EV 92.5 MPH)
Batting: RHB Cheh Zhi 0-0: Ball
1-0: Ball
2-0: Called Strike
2-1: Ball
3-1: Foul Ball, location: 2F
3-2: Fly out, F9 (Flyball, 9LMF, EV 86.9 MPH)
Batting: SHB Júlio Moreno 0-0: Ball
1-0: SOLO HOME RUN (Line Drive, 9LD, EV 103.8 MPH), Distance : 360 ft
Batting: RHB Sallvador Rebola 0-0: Ball
1-0: Swinging Strike
1-1: Foul Ball, location: 2F
1-2: Strikes out swinging
Top of the 3rd over - 1 run, 1 hit, 0 errors, 0 left on base; Ottawa 1 - Durham 3
BOTTOM OF THE 3RD
Durham Rapiers batting - Pitching for Ottawa Nationals : LHP Gerald Emerson
Batting: RHB Bearooz Yacoobi 0-0: Swinging Strike
0-1: Ball
1-1: Ball
2-1: Foul Ball, location: 2F
2-2: Foul Ball, location: 2F
2-2: Fly out, F8 (Line Drive, 8LD, EV 90.6 MPH)
Batting: RHB Marvin Strickland 0-0: Called Strike
0-1: SOLO HOME RUN (Flyball, 7D, EV 98.1 MPH), Distance : 384 ft
Batting: SHB Takechi Yamashita 0-0: Fly out, F9 (Line Drive, 9, EV 92.5 MPH)
Batting: RHB Juan Guzmán 0-0: Ball
1-0: Called Strike
1-1: Ball
2-1: SINGLE (Groundball, 4D, EV 110.6 MPH)
Batting: RHB Nelson Ross 0-0: Called Strike
0-1: Ball
1-1: Ball
2-1: Foul Ball, location: 2F
2-2: Foul Ball, location: 2F
2-2: Foul Ball, location: 2F
2-2: Ball
3-2: Foul Ball, location: 2F
3-2: Foul Ball, location: 2F
3-2: Base on Balls
Juan Guzmán to second
Batting: RHB Jaxton Goleta 0-0: Swinging Strike
0-1: Ball
1-1: Called Strike
1-2: Strikes out swinging
Bottom of the 3rd over - 1 run, 2 hits, 0 errors, 2 left on base; Ottawa 1 - Durham 4
TOP OF THE 4TH
Ottawa Nationals batting - Pitching for Durham Rapiers : RHP Antony Durney
Batting: LHB Jason Powell 0-0: Ball
1-0: Ball
2-0: Fly out, F5 (Popup, 5F, EV 56.9 MPH)
Batting: RHB Cary Collins 0-0: Called Strike
0-1: Ball
1-1: Ball
2-1: Ball
3-1: Foul Ball, location: 2F
3-2: Fly out, F8 (Flyball, 8LD, EV 83.8 MPH)
Batting: RHB Rey McSriff 0-0: Ball
1-0: Called Strike
1-1: Ground out 6-3 (Groundball, 6MD, EV 98.8 MPH)
Top of the 4th over - 0 runs, 0 hits, 0 errors, 0 left on base; Ottawa 1 - Durham 4
BOTTOM OF THE 4TH
Durham Rapiers batting - Pitching for Ottawa Nationals : LHP Gerald Emerson
Batting: SHB Tekkan Hayagawa 0-0: SINGLE (Groundball, 4MD, EV 98.8 MPH)
Batting: RHB Scotty Glenn 0-0: Called Strike
0-1: Swinging Strike
0-2: Ball
1-2: Foul Ball, location: 2F
1-2: Strikes out looking
Batting: RHB Kiyohira Kan 0-0: Called Strike
0-1: DOUBLE (Flyball, 78D, EV 112.5 MPH)
Tekkan Hayagawa to third
Runner from 3rd tries for Home, SAFE, throw by CF to trailing runner, OUT at third! 8-6-5
Batting: RHB Bearooz Yacoobi 0-0: Foul Ball, location: 2F
0-1: Called Strike
0-2: Fly out, F9 (Flyball, 9LS, EV 95.6 MPH)
Bottom of the 4th over - 1 run, 2 hits, 0 errors, 0 left on base; Ottawa 1 - Durham 5
TOP OF THE 5TH
Ottawa Nationals batting - Pitching for Durham Rapiers : RHP Antony Durney
Batting: RHB Gary Goodwin 0-0: Called Strike
0-1: Ball
1-1: Ball
2-1: Ball
3-1: Called Strike
3-2: Foul Ball, location: 2F
3-2: Strikes out swinging
Batting: LHB Juan Rodríguez 0-0: Ball
1-0: Ball
2-0: Called Strike
2-1: Called Strike
2-2: Ball
3-2: Foul Ball, location: 2F
3-2: Ground out 6-3 (Groundball, 6, EV 85.6 MPH)
Batting: RHB Manuel Vroonland 0-0: Foul Ball, location: 2F
0-1: Fly out, F9 (Flyball, 9LS, EV 90.0 MPH)
Top of the 5th over - 0 runs, 0 hits, 0 errors, 0 left on base; Ottawa 1 - Durham 5
BOTTOM OF THE 5TH
Durham Rapiers batting - Pitching for Ottawa Nationals : LHP Gerald Emerson
Batting: RHB Marvin Strickland 0-0: Foul Ball, location: 2F
0-1: Foul Ball, location: 2F
0-2: Ball
1-2: Foul Ball, location: 2F
1-2: Ball
2-2: SINGLE (Groundball, 4D, EV 94.4 MPH)
Pitching: RHP Lucho Pousa
Batting: SHB Takechi Yamashita 0-0: Ball
1-0: Ball
2-0: Ball
3-0: Called Strike
3-1: Called Strike
3-2: Foul Ball, location: 2F
3-2: Fly out, F5 (Line Drive, 5, EV 70.0 MPH)
Batting: RHB Juan Guzmán 0-0: Ball
1-0: Called Strike
1-1: Foul Ball, location: 2F
1-2: Fielders Choice at 2nd, 5-4 (Groundball, 56, EV 82.5 MPH)
Batting: RHB Nelson Ross 0-0: Called Strike
0-1: Ball
Wild Pitch!
Juan Guzmán to second
1-1: Ball
2-1: Reached on error, E4 (Groundball, 4, EV 82.5 MPH)
Juan Guzmán to third
Batting: RHB Jaxton Goleta 0-0: Ball
1-0: Ball
2-0: Fly out, F9 (Flyball, 9, EV 98.1 MPH)
Bottom of the 5th over - 0 runs, 1 hit, 1 error, 2 left on base; Ottawa 1 - Durham 5
TOP OF THE 6TH
Ottawa Nationals batting - Pitching for Durham Rapiers : RHP Antony Durney
Batting: RHB Cheh Zhi 0-0: Called Strike
0-1: Ball
1-1: Ball
2-1: Ground out 6-3 (Groundball, 6, EV 83.8 MPH)
Batting: SHB Júlio Moreno 0-0: Called Strike
0-1: Called Strike
0-2: Ball
1-2: Ball
2-2: Strikes out looking
Batting: RHB Sallvador Rebola 0-0: Ground out 6-3 (Groundball, 6, EV 85.0 MPH)
Top of the 6th over - 0 runs, 0 hits, 0 errors, 0 left on base; Ottawa 1 - Durham 5
BOTTOM OF THE 6TH
Durham Rapiers batting - Pitching for Ottawa Nationals : RHP Lucho Pousa
Batting: SHB Tekkan Hayagawa 0-0: Ball
1-0: SINGLE (Groundball, 6D, EV 96.9 MPH)
Batting: RHB Scotty Glenn 0-0: Ball
1-0: Ball
2-0: Ball
3-0: Called Strike
3-1: Foul Ball, location: 2F
3-2: Fielders Choice at 2nd, 4-6 (Groundball, 4, EV 83.8 MPH)
Batting: RHB Kiyohira Kan 0-0: Ball
1-0: Ball
2-0: Foul Ball, location: 2F
2-1: Grounds into double play, 6-4-3 (Groundball, 6, EV 81.9 MPH)
Bottom of the 6th over - 0 runs, 1 hit, 0 errors, 0 left on base; Ottawa 1 - Durham 5
TOP OF THE 7TH
Ottawa Nationals batting - Pitching for Durham Rapiers : RHP Antony Durney
Batting: LHB Jason Powell 0-0: Fly out, F9 (Flyball, 89S, EV 85.0 MPH)
Batting: RHB Cary Collins 0-0: Fly out, F8 (Flyball, 8RM, EV 91.2 MPH)
Batting: RHB Rey McSriff 0-0: Ball
1-0: Ball
2-0: Ball
3-0: Called Strike
3-1: Base on Balls
Batting: RHB Gary Goodwin 0-0: Foul Ball, location: 2F
0-1: Called Strike
0-2: DOUBLE (Flyball, 8RXD, EV 109.4 MPH)
Rey McSriff to third
Batting: LHB Juan Rodríguez 0-0: Ball
1-0: Foul Ball, location: 2F
1-1: Called Strike
1-2: Ball
2-2: Ground out 4-3 (Groundball, 4, EV 101.9 MPH)
Top of the 7th over - 0 runs, 1 hit, 0 errors, 2 left on base; Ottawa 1 - Durham 5
BOTTOM OF THE 7TH
Durham Rapiers batting - Pitching for Ottawa Nationals : RHP Lucho Pousa
Batting: RHB Bearooz Yacoobi 0-0: Ball
1-0: Called Strike
1-1: Ball
2-1: Ball
3-1: Foul Ball, location: 2F
3-2: Fly out, F4 (Line Drive, 4, EV 66.2 MPH)
Batting: RHB Marvin Strickland 0-0: Ball
1-0: Called Strike
1-1: Foul Ball, location: 2F
1-2: Fly out, F4 (Popup, 4MS, EV 75.0 MPH)
Batting: SHB Takechi Yamashita 0-0: Called Strike
0-1: Ball
1-1: Ball
2-1: Ball
3-1: Base on Balls
Batting: RHB Juan Guzmán 0-0: Ball
1-0: Ball
2-0: Foul Ball, location: 2F
2-1: Foul Ball, location: 2F
2-2: Foul Ball, location: 2F
2-2: Fielders Choice at 2nd, 6-4 (Groundball, 6, EV 84.4 MPH)
Bottom of the 7th over - 0 runs, 0 hits, 0 errors, 1 left on base; Ottawa 1 - Durham 5
TOP OF THE 8TH
Ottawa Nationals batting - Pitching for Durham Rapiers : RHP Antony Durney
Batting: RHB Manuel Vroonland 0-0: Ball
1-0: Foul Ball, location: 2F
1-1: Foul Ball, location: 2F
1-2: Ground out U3 (Groundball, 34, EV 98.1 MPH)
Batting: RHB Cheh Zhi 0-0: Swinging Strike
0-1: Ball
1-1: Swinging Strike
1-2: Ball
2-2: Strikes out swinging
Batting: SHB Júlio Moreno 0-0: Fly out, F8 (Flyball, 89D, EV 91.9 MPH)
Top of the 8th over - 0 runs, 0 hits, 0 errors, 0 left on base; Ottawa 1 - Durham 5
BOTTOM OF THE 8TH
Durham Rapiers batting - Pitching for Ottawa Nationals : RHP Lucho Pousa
Batting: RHB Nelson Ross 0-0: Foul Ball, location: 2F
0-1: Ball
1-1: Ball
2-1: Called Strike
2-2: Ball
3-2: Base on Balls
Pitching: RHP Jim Maxwell
Batting: RHB Jaxton Goleta 0-0: Bunt missed!
0-1: Sac Bunt to 13 - play at first, batter OUT! 1-4
Nelson Ross to second
Batting: SHB Tekkan Hayagawa 0-0: Ball
1-0: Called Strike
1-1: Ball
2-1: DOUBLE (Line Drive, 78D, EV 106.9 MPH)
Nelson Ross scores
Batting: RHB Scotty Glenn 0-0: Ball
1-0: Ball
2-0: DOUBLE (Line Drive, 89D, EV 114.4 MPH)
Tekkan Hayagawa scores
Batting: RHB Kiyohira Kan 0-0: Ball
1-0: Called Strike
1-1: Swinging Strike
1-2: Foul Ball, location: 2F
1-2: Foul Ball, location: 2F
1-2: Strikes out looking
Batting: RHB Bearooz Yacoobi 0-0: Called Strike
0-1: Ground out 5-3 (Groundball, 56, EV 78.8 MPH)
Bottom of the 8th over - 2 runs, 2 hits, 0 errors, 1 left on base; Ottawa 1 - Durham 7
TOP OF THE 9TH
Ottawa Nationals batting - Pitching for Durham Rapiers : RHP Antony Durney
Pitching: RHP Volmer Roseboom
Batting: RHB Sallvador Rebola 0-0: Foul Ball, location: 2F
0-1: Foul Ball, location: 2F
0-2: Fly out, F7 (Flyball, 7S, EV 78.8 MPH)
Batting: LHB Jason Powell 0-0: Called Strike
0-1: Swinging Strike
0-2: Ball
1-2: Foul Ball, location: 2F
1-2: Strikes out swinging
Batting: RHB Cary Collins 0-0: Ball
1-0: Foul Ball, location: 2F
1-1: Ball
2-1: Ball
3-1: Base on Balls
Batting: RHB Rey McSriff 0-0: Foul Ball, location: 2F
0-1: Fly out, F8 (Flyball, 8LD, EV 78.8 MPH)
Top of the 9th over - 0 runs, 0 hits, 0 errors, 1 left on base; Ottawa 1 - Durham 7
Friday, April 17th, 2020 - OOTP Baseball 20.8 Build 74